 Dungeon Crawl Stone Soup version 0.20.1-1-g8b1a95d (webtiles) character file.

150 Chaoticas the Chopper (level 5, -14/45 HPs)
             Began as a Minotaur Berserker on July 21, 2017.
             Was a Priest of Trog.
             Demolished by an ogre
             ... wielding a +0 giant club
              (15 damage)
             ... on level 4 of the Dungeon.
             The game lasted 00:05:01 (2597 turns).

Chaoticas the Chopper (Minotaur Berserker)          Turns: 2597, Time: 00:05:02

Health: -14/45     AC:  9    Str: 22    XL:     5   Next: 10%
Magic:  4/4        EV:  8    Int:  5    God:    Trog [***...]
Gold:   127        SH:  0    Dex:  9    Spells: 4/4 levels left

rFire    . . .     SeeInvis .   m - +0 morningstar
rCold    . . .     Gourm    .   (no shield)
rNeg     . . .     Faith    .   l - +0 chain mail
rPois    .         Spirit   .   (helmet restricted)
rElec    .         Reflect  .   (no cloak)
rCorr    .         Harm     .   (no gloves)
MR       .....                  p - +0 pair of boots
Stlth    ..........             (no amulet)
Regen    0.2/turn               (no ring)
MPRegen  0.1/turn               (no ring)

@: no status effects
A: retaliatory headbutt, horns 2
a: Berserk, Trog's Hand, Burn Spellbooks, Renounce Religion


You were on level 4 of the Dungeon.
You worshipped Trog.
Trog was most pleased with you.
You were not hungry.

You visited 1 branch of the dungeon, and saw 4 of its levels.

You collected 127 gold pieces.

Inventory:

Hand Weapons
 a - a +0 hand axe
 m - a +0 morningstar (weapon)
   (You took it off an orc on level 3 of the Dungeon)
Armour
 l - a +0 chain mail (worn)
   (You found it on level 2 of the Dungeon)
 p - a +0 pair of boots (worn)
   (You found it on level 3 of the Dungeon)
Scrolls
 f - a scroll of enchant armour {unknown}
 o - a scroll of teleportation {unknown}
 r - a scroll of identify {unknown}
 t - a scroll of amnesia {unknown}
 w - a scroll of recharging {unknown}
Potions
 b - a potion of mutation {unknown}
 e - 3 potions of flight {unknown}
 h - 2 potions of magic {unknown}
 i - 2 potions of haste {unknown}
 j - a potion of invisibility {unknown}
 k - 2 potions of lignification {unknown}
 q - a potion of ambrosia {unknown}
 u - a potion of resistance {unknown}
 v - 2 potions of might {unknown}
 x - a potion of brilliance {unknown}
Books
 s - a book of Maledictions
   (You found it on level 3 of the Dungeon)

   Spells                             Type                      Level
   a - Corona                         Hexes                        1
   b - Ensorcelled Hibernation        Hexes/Ice                    2
   c - Confuse                        Hexes                        3
   d - Tukima's Dance                 Hexes                        3
   e - Dazzling Spray                 Conjuration/Hexes            3
   Trog disapproves of the use of such an item.
Comestibles
 c - 5 bread rations
 d - 2 meat rations
 g - 5 fruits
 n - a chunk of flesh


   Skills:
 - Level 3.6 Fighting
 * Level 7.0 Axes
 - Level 2.4 Armour
 - Level 2.1 Dodging


You had 4 spell levels left.
You didn't know any spells.

Dungeon Overview and Level Annotations

Branches:
Dungeon (4/15)
 Temple: D:4-7

Altars:


Innate Abilities, Weirdness & Mutations

You reflexively headbutt those who attack you in melee.
You have a pair of horns on your head.


Message History

You closely miss the quokka.
The quokka is almost dead.
The quokka bites you but does no damage.
The quokka closely misses you.
You barely miss the quokka. Your headbutt misses the quokka.
The quokka is almost dead.
The quokka bites you but does no damage.
You closely miss the quokka.
The quokka is almost dead.
The quokka bites you but does no damage.
The quokka closely misses you.
You closely miss the quokka. You headbutt the quokka.
You kill the quokka!
Trog accepts your kill.
No target in view!
No target in view!
No target in view!
No target in view!
You butcher the quokka corpse.
n - 5 chunks of flesh (gained 2)
You see here a quokka skeleton. x2
Done exploring.
You start waiting.
Done waiting.
Some of the chunks of flesh in your inventory have rotted away.
Eating one of 2 chunks of flesh.
You eat one of the 2 chunks of flesh.
This raw flesh tastes terrible.
There is a stone staircase leading down here.
You climb downwards.
Found four items.
There is a stone staircase leading up here.
An ogre comes into view. It is wielding a giant club.
The ogre shouts!
You barely miss the ogre. The ogre hits you with a giant club!!
You barely miss the ogre. The ogre hits you with a giant club!!
* * * LOW HITPOINT WARNING * * *
You are too injured to fight recklessly!
You are too injured to fight recklessly!
You thump the ogre!
The ogre is moderately wounded.
The ogre barely misses you.
You hit the ogre. You headbutt the ogre.
The ogre is heavily wounded.
The ogre hits you with a giant club.
* * * LOW HITPOINT WARNING * * *
Your chain mail prevents you from hitting the ogre.
You headbutt the ogre!
The ogre is almost dead.
The ogre hits you with a giant club!
You die...

## ..
###.###
.######.....
(.......#.#
#.<..#
##.### #
#.###.#
##@....#
#?O(..##
#.....#
..?....#
###.....#
#.....#
#######


You could see an ogre.

Vanquished Creatures
  A crimson imp (D:3)
  2 adders (D:2)
  An ooze (D:2)
  3 worms (D:2)
  4 leopard geckos
  5 orcs (D:3)
  3 ball pythons
  A giant cockroach (D:3)
  6 goblins
  7 hobgoblins
  8 jackals
  2 quokkas
  9 bats
  4 frilled lizards
  7 kobolds
  7 rats
70 creatures vanquished.

Notes
Turn   | Place    | Note
-------+----------+-------------------------------------------
     0 | D:1      | Chaoticas the Minotaur Berserker began the quest for the Orb.
     0 | D:1      | Reached XP level 1. HP: 19/19 MP: 0/0
    47 | D:1      | Reached skill level 4 in Axes
   103 | D:1      | Reached XP level 2. HP: 19/26 MP: 1/1
   319 | D:1      | HP: 9/26 [kobold/short sword (6)]
   701 | D:1      | Reached skill level 5 in Axes
   893 | D:1      | Reached XP level 3. HP: 31/31 MP: 2/2
   935 | D:1      | Reached ** piety under Trog
  1487 | D:2      | Reached skill level 6 in Axes
  1487 | D:2      | Reached XP level 4. HP: 38/39 MP: 3/3
  1609 | D:2      | You fall through a shaft!
  1875 | D:3      | Identified a book of Maledictions
  2016 | D:3      | Reached XP level 5. HP: 45/45 MP: 4/4
  2084 | D:3      | Reached skill level 7 in Axes
  2445 | D:3      | Reached *** piety under Trog
  2588 | D:4      | Noticed an ogre
  2593 | D:4      | HP: 5/45 [ogre/giant club (19)]
  2596 | D:4      | HP: 1/45 [ogre/giant club (5)]
  2597 | D:4      | Demolished by an ogre

Skill      XL: |  1  2  3  4  5 |
---------------+----------------+-----
Axes           | 4 5 6 7 |  7.0
Fighting       | |  3.6
Armour         | |  2.4
Dodging        | |  2.1

Action                   |  1- 3 |  4- 6 || total
-------------------------+-------+-------++-------
Melee: Hand axe          |    98 |    25 ||   123
       Headbutt          |     8 |    10 ||    18
       Morningstar       |       |    66 ||    66
  Use: Scroll            |       |     2 ||     2
  Eat: Chunk             |     2 |     4 ||     6
Armor: Animal skin       |     5 |       ||     5
       Leather armour    |     9 |       ||     9
       Chain mail        |    21 |    27 ||    48
       Scale mail        |       |    17 ||    17
Dodge: Dodged            |    42 |    50 ||    92
